 Dungeon Crawl Stone Soup version 0.30-a0-760-g5a9884bb7c (webtiles) character file.

Game seed: 10325023041590565932

1522 tilp the Slasher (level 9, -6/59 HPs)
             Began as a Meteoran Fighter on Feb 10, 2023.
             Mangled by Joseph
             ... wielding a +2 spectral quarterstaff
              (7 damage)
             ... on level 7 of the Dungeon.
             The game lasted 00:15:38 (4066 turns).

tilp the Slasher (Meteoran Fighter)                 Turns: 4066, Time: 00:15:38

Health: -6/59      AC: 13    Str: 17    XL:     9   Next: 31%
Magic:  10/10      EV:  9    Int: 10    God:
Gold:   310        SH:  6    Dex: 19    Spells: 8/8 levels left

rFire   . . .      SeeInvis .    a - +0 long sword (freeze)
rCold   . . .      Faith    .    c - +0 buckler
rNeg    . . .      Spirit   .    j - +0 chain mail
rPois   .          Reflect  .    (no helmet)
rElec   .          Harm     .    v - +0 cloak
rCorr   .          Rampage  .    e - +0 pair of gloves
Will    +....                    n - +0 pair of boots Stlth
                                 (no amulet)
HPRegen 0.29/turn                (no ring)
MPRegen 0.12/turn                (no ring)

@: glowing
A: sense surroundings 2, otherworldly, glowing, explore regen
a: no special abilities


You were on level 7 of the Dungeon.
You visited 1 branch of the dungeon, and saw 7 of its levels.

You collected 427 gold pieces.
You spent 117 gold pieces at shops.

Inventory:

Hand Weapons
 a - a +0 long sword of freezing (weapon)
 A - a +2 falchion of holy wrath
Missiles
 f - 2 boomerangs
 m - 2 silver javelins
 o - 15 poisoned darts (quivered)
Armour
 c - a +0 buckler (worn)
 e - a +0 pair of gloves (worn)
 j - a +0 chain mail (worn)
 n - a +0 pair of boots (worn)
 v - a +0 cloak (worn)
Wands
 z - a wand of mindburst (18)
Scrolls
 k - a scroll of blinking
 p - 3 scrolls of teleportation
 w - a scroll of butterflies {unknown}
 y - 2 scrolls of fog
Potions
 b - 4 potions of lignification
 d - 4 potions of might
 h - a potion of attraction
 i - a potion of flight
 l - a potion of mutation
 q - a potion of magic
 r - a potion of resistance {unknown}
 s - a potion of haste {unknown}
 t - 2 potions of brilliance {unknown}
 u - a potion of curing {unknown}
 x - a potion of heal wounds {unknown}


   Skills:
 * Level 5.6 Fighting
 * Level 7.5 Long Blades
 + Level 2.9 Throwing
 + Level 5.2 Armour
 + Level 5.0 Dodging
 * Level 3.7 Stealth
 - Level 4.0 Shields


You had 8 spell levels left.
You didn't know any spells.
Your spell library was empty.

Dungeon Overview and Level Annotations

Branches:
Dungeon (7/15) Zot: 227
 Temple: D:4-7

Altars:
Fedhas
Gozag
Kikubaaqudgha
Qazlal
Trog
Uskayaw
Vehumet

Shops:
D:1 (   D:5 [

Annotations:
D:7 Joseph


Innate Abilities, Weirdness & Mutations

You passively map the area around you.
You are easily found by Zot.
You glow in the dark.
You regain HP and MP as you explore.


Message History

Autopickup disabled for stones.
You drop 67 stones.
Found a flail.
A steam dragon comes into view.
The steam dragon hisses angrily.
The steam dragon breathes steam at you. The ball of steam hits you!!
Joseph, a Mercenary comes into view.
He is wielding a +2 spectral quarterstaff and carrying a wand of charming (9).
The steam dragon bites you!
The steam dragon claws you but does no damage.
You barely miss the steam dragon. The steam dragon bites you!
* * * LOW HITPOINT WARNING * * *
You block the steam dragon's attack.
Unknown command.
You closely miss the steam dragon. The steam dragon closely misses you.
The steam dragon claws you but does no damage.
You closely miss the steam dragon. The steam dragon completely misses you.
The steam dragon claws you but does no damage.
You block the steam dragon's attack. The steam dragon closely misses you.
Sorry, you're not good enough to have a special ability.
You hit the steam dragon. You freeze the steam dragon.
The steam dragon is moderately wounded.
Joseph says, "I'm happy to see you. And I'll be happy to kill you."
The steam dragon bites you.
* * * LOW HITPOINT WARNING * * *
The steam dragon claws you.
* * * LOW HITPOINT WARNING * * *
You hit the steam dragon. You freeze the steam dragon.
The steam dragon is heavily wounded.
Joseph says, "Now you've reached the end of your journey."
The steam dragon misses you. The steam dragon closely misses you.
You closely miss the steam dragon.
The steam dragon is heavily wounded.
Joseph hits you but does no damage. The steam dragon breathes steam at you.
The ball of steam hits you!
* * * LOW HITPOINT WARNING * * *
You barely miss the steam dragon.
The steam dragon is heavily wounded.
Joseph hits you with a +2 spectral quarterstaff!
You die...

,_, *
,**..#.####...####*
,,* * ,* # # *
##...#.## ,,, .
#...(..# * .. ,
##......# , , ,...
* #..#..### ,
....###*##..#### ,
, #.....##....### ,
** #....§§§......#
* ,#....§@......##
, ....#.§D@.##...#
. #...).# ..##
.......#...## , ,,
.............,* *
..............# ,
.##...###....## **,
.... ,..... , , *
,* *


You could see Joseph and a steam dragon (catching breath).

Vanquished Creatures
  Eustachio (D:6)
  An ice beast (D:6)
  2 ogres (D:5)
  A phantom (D:4)
  2 bullfrogs
  A gnoll sergeant (D:5)
  2 scorpions (D:5)
  A gnoll bouda (D:6)
  An orc priest (D:6)
  4 hounds
  3 iguanas
  7 orc wizards
  14 gnolls
  7 adders
  A white imp (D:5)
  An ufetubus (D:5)
  5 dart slugs
  19 orcs
  8 bats
  5 endoplasms
  3 giant cockroaches
  9 goblins
  6 hobgoblins
  4 jackals (D:1)
  5 kobolds
  9 quokkas
  4 ball pythons
  7 frilled lizards
  4 rats
137 creatures vanquished.

Vanquished Creatures (others)
  A fungus (D:4)
  2 plants (D:4)
3 creatures vanquished.

Grand Total: 140 creatures vanquished

Notes
Turn   | Place    | Note
-------+----------+-------------------------------------------
     0 | D:1      | tilp the Meteoran Fighter began the quest for the Orb.
     0 | D:1      | Reached XP level 1. HP: 19/19 MP: 2/2
    76 | D:1      | Reached XP level 2. HP: 25/26 MP: 3/3
    94 | D:1      | Found Wuow's Weapon Shoppe.
   107 | D:1      | Reached skill level 1 in Dodging
   133 | D:1      | Reached XP level 3. HP: 28/31 MP: 4/4
   203 | D:1      | Reached skill level 3 in Long Blades
   502 | D:3      | Reached XP level 4. HP: 38/38 MP: 5/5
   616 | D:3      | Reached XP level 5. HP: 37/45 MP: 6/6
   670 | D:3      | Reached skill level 1 in Stealth
  1236 | D:2      | Reached skill level 4 in Long Blades
  1816 | D:4      | Reached XP level 6. HP: 42/52 MP: 7/7
  1816 | D:4      | Found a bloodstained altar of Trog.
  1854 | D:5      | Entered Level 5 of the Dungeon
  1917 | D:4      | HP: 1/52 [dart slug/slug dart (3)]
  1986 | D:4      | Found a blossoming altar of Fedhas.
  2011 | D:4      | Reached skill level 5 in Long Blades
  2011 | D:4      | Reached XP level 7. HP: 48/59 MP: 8/8
  2019 | D:4      | Found a stormy altar of Qazlal.
  2142 | D:4      | Noticed a +0 dagger
  2142 | D:4      | Noticed a +0 spear
  2142 | D:4      | Noticed a +0 short sword
  2143 | D:4      | Noticed a +0 short sword
  2144 | D:4      | Noticed a +0 spear
  2144 | D:4      | Noticed a +0 falchion
  2144 | D:4      | Noticed a +0 dagger
  2145 | D:4      | Noticed a +0 falchion
  2146 | D:4      | Found a hide-covered altar of Uskayaw.
  2600 | D:5      | Reached skill level 6 in Long Blades
  2603 | D:6      | Found a radiant altar of Vehumet.
  2606 | D:6      | Found an ancient bone altar of Kikubaaqudgha.
  2688 | D:5      | Found an opulent altar of Gozag.
  2907 | D:5      | Reached skill level 1 in Throwing
  2907 | D:5      | Reached XP level 8. HP: 32/67 MP: 9/9
  2961 | D:5      | Found Korufrog's Antique Armour Shop.
  3022 | D:5      | Bought a cloak for 117 gold pieces
  3404 | D:5      | Glimpsed the power of Zot.
  3452 | D:6      | Glimpsed the power of Zot.
  3458 | D:6      | Noticed Eustachio
  3461 | D:6      | Reached skill level 5 in Fighting
  3471 | D:6      | Killed Eustachio
  3472 | D:6      | Reached skill level 7 in Long Blades
  3472 | D:6      | Gained mutation: You passively map the area around you.
                  | [Meteoran growth]
  3472 | D:6      | Reached XP level 9. HP: 46/74 MP: 10/10
  3490 | D:6      | Glimpsed the power of Zot.
  3500 | D:6      | Touched by the power of Zot.
  3538 | D:6      | Reached skill level 5 in Armour
  3767 | D:6      | Reached skill level 5 in Dodging
  3859 | D:6      | HP: 1/58 [gnoll bouda/+0 club (4)]
  4059 | D:7      | Noticed Joseph
  4065 | D:7      | HP: 1/59 [steam dragon/ball of steam (13)]
  4066 | D:7      | Mangled by Joseph

Illustrated notes

Levels and vault maps discovered:
D:1:      spicycebolla_arrival_transporter_tutorial, layout_rooms, serial_shops,
          nicolae_shop_waterfront
D:2:      minmay_general_purpose_star, layout_basic
D:3:      minmay_razor_zed, layout_loops_ring, minmay_misc_feat_pillars
D:4:      layout_loops_ring, grunt_temple_overflow_forces_of_nature,
          general_overflow_altar, nicolae_uskayaw_en_pointe, nrook_loot_triangle
D:5:      layout_basic, nicolae_gozag_cash_rules_everything_around_me,
          nicolae_inconvenience_store
D:6:      layout_basic, grunt_temple_overflow_open, dk_noncrumbling_4,
          minmay_misc_feat_square, uniq_eustachio
D:7:      layout_cave_pools, dreamdust_divine_triumvirate,
          minmay_temple_entry_grid, nicolae_shop_sticking_my_neck_out,
          uniq_duvessa, uniq_joseph, uniq_pikel

Skill      XL: |  1  2  3  4  5  6  7  8  9 |
---------------+----------------------------+-----
Dodging        | 1 2 3 4 5 |  5.0
Long Blades    | 3 4 5 6 7 |  7.5
Shields        | 4 |  4.0
Armour         | 4 5 |  5.2
Stealth        | 1 2 3 |  3.7
Fighting       | 4 5 |  5.6
Throwing       | 1 2 |  2.9

Action                     |  1- 3 |  4- 6 |  7- 9 || total
---------------------------+-------+-------+-------++-------
  Melee: Long sword        |    84 |   157 |   253 ||   494
  Throw: Dart              |       |       |     3 ||     3
         Stone             |       |       |     1 ||     1
    Use: Scroll            |       |     8 |     8 ||    16
         Potion            |       |       |     1 ||     1
 Armour: Scale mail        |    39 |       |       ||    39
         Chain mail        |     9 |    80 |   152 ||   241
  Dodge: Dodged            |    44 |    39 |    79 ||   162
  Block: Buckler           |    31 |    51 |    91 ||   173

Table legend: (Time is in decaauts)
 A = Elapsed time spent in this place.
 B = Non-inter-level travel time spent in this place.
 C = Inter-level travel time spent in this place.
 D = Time resting spent in this place.
 E = Time spent auto-exploring this place.
 F = Levels seen in this place.
 G = Mean time per level.
                   A        B        C        D        E       F      G
               +--------+--------+--------+--------+--------+-----+--------+
         Total |   4172 |   3359 |    813 |    103 |      0 |   7 |  596.0 |
       Dungeon |   4172 |   3359 |    813 |    103 |      0 |   7 |  596.0 |
               +--------+--------+--------+--------+--------+-----+--------+

Top non-repeatable levels by time:
     D:5: 846 daAuts
     D:4: 823 daAuts
     D:3: 784 daAuts
     D:2: 772 daAuts
     D:6: 622 daAuts
     D:1: 275 daAuts
     D:7: 48 daAuts
